 Dungeon Crawl Stone Soup version 0.29-a0-555-g3b24f45cc1 (webtiles) character file.

Game seed: 12803337895855195860

467545 magipi the Unseen (level 24, -10/191 HPs)
             Began as a Gnoll Brigand on June 4, 2022.
             Was an Initiate of Gozag.
             Killed themself with a badly aimed burst of rock shards (21 damage)
             ... on level 1 of the Pits of Slime on June 7, 2022.
             The game lasted 05:13:41 (81318 turns).

magipi the Unseen (Gnoll Brigand)                  Turns: 81318, Time: 05:13:42

Health: -10/191    AC:  0    Str: 12    XL:     24   Next: 60%
Magic:  32/42      EV: 18    Int: 20    God:    Gozag
Gold:   6441       SH: 16    Dex: 15    Spells: 14/54 levels left

rFire   + + .      SeeInvis .   b - +4 demon trident (elec)
rCold   + + .      Faith    .   B - +2 kite shield {AC+3}
rNeg    + . .      Spirit   .   Q - +3 acid dragon scales
rPois   +          Reflect  .   L - -2 hat of the Alchemist {rElec rPois rF+ rC+ rN+ Will+ rMut rCorr}
rElec   +          Harm     .   C - scarf {rC+ rF+}
rCorr   +          Rampage  .   R - +1 pair of gloves
rMut    +                       j - +2 pair of boots {Stlth+}
Will    +++..                   r - amulet of the acrobat
Stlth   +++++++...              m - ring of willpower
HPRegen 0.41/turn               s - +4 ring of slaying
MPRegen 0.28/turn

@: corroded, gold aura
A: fangs 1, strong nose, distributed training
}: 2/15 runes: serpentine, abyssal
a: Renounce Religion, Potion Petition, Call Merchant, Bribe Branch


You were on level 1 of the Pits of Slime.
You worshipped Gozag.
Gozag was greatly pleased with you.
You visited 10 branches of the dungeon, and saw 45 of its levels.
You visited the Abyss 2 times.
You also visited: Volcano.

You collected 21327 gold pieces.
You spent 6322 gold pieces at shops.
You paid 8564 gold pieces to Gozag.

Inventory:

Hand Weapons
 a - a +5 vorpal dagger
   (You took it off a goblin on level 4 of the Dungeon)
 b - a +4 demon trident of electrocution (weapon)
   (You took it off Donald on level 3 of the Swamp)
 w - the +10 spear "Fippot" {vorpal, Int+2 SInv Stlth+}
   (You took it off a deep elf high priest on level 3 of the Elven Halls)

   It inflicts extra damage upon your enemies.
   Int:       It affects your intelligence (+2).
   SInv:      It lets you see invisible.
   Stlth:     It makes you more stealthy.
Missiles
 c - 7 throwing nets
 e - 3 curare-tipped darts
 f - 3 silver boomerangs
 n - 5 silver javelins
 v - 17 javelins
 J - a boomerang (quivered)
Armour
 j - a +2 pair of boots of stealth (worn)
   (You found it on level 2 of the Vaults)
 B - a +2 kite shield of protection (worn)
   (You took it off a naga warrior on level 4 of the Snake Pit)
 C - a scarf of resistance (worn)
   (You found it on level 2 of the Vaults)
 L - the -2 hat of the Alchemist (worn) {rElec rPois rF+ rC+ rN+ Will+ rMut rCorr}
   (You bought it in a shop on level 14 of the Dungeon)

   rF:        It protects you from fire.
   rC:        It protects you from cold.
   rElec:     It insulates you from electricity.
   rPois:     It protects you from poison.
   rN:        It protects you from negative energy.
   rCorr:     It protects you from acid and corrosion.
   rMut:      It protects you from mutation.
   Will:      It increases your willpower.
 Q - +3 acid dragon scales (worn)
   (You took it off Maggie on level 8 of the Dungeon)
 R - a +1 pair of gloves (worn)
   (You found it on level 1 of the Lair of Beasts)
Jewellery
 m - a ring of willpower (left hand)
   (You bought it in a shop on level 1 of the Snake Pit)
 o - a ring of willpower
   (You took it off a deep elf demonologist on level 3 of the Elven Halls)
 p - a +6 ring of intelligence
   (You took it off a fire giant on level 3 of the Depths)
 r - an amulet of the acrobat (around neck)
   (You took it off a deep elf demonologist on level 3 of the Elven Halls)
 s - a +4 ring of slaying (right hand)
   (You found it on level 2 of the Elven Halls)
Wands
 d - a wand of digging (11)
   (You found it on level 7 of the Dungeon)
 E - a wand of iceblast (14)
   (You found it on level 5 of the Dungeon)
 N - a wand of charming (5)
   (You took it off a deep elf zephyrmancer on level 3 of the Elven Halls)
 O - a wand of acid (8)
   (You found it on level 4 of the Snake Pit)
 U - a wand of mindburst (13)
   (You took it off a naga on level 3 of the Snake Pit)
 V - a wand of paralysis (14)
   (You found it on level 2 of the Lair of Beasts)
 Y - a wand of polymorph (16)
   (You found it on level 15 of the Dungeon)
Scrolls
 h - 14 scrolls of teleportation
 k - 2 scrolls of blinking
 y - 4 scrolls of fog
 F - 6 scrolls of fear
 K - 4 scrolls of magic mapping
 W - 3 scrolls of immolation
Potions
 g - 4 potions of cancellation
 i - 10 potions of curing
 q - 5 potions of heal wounds
 t - 8 potions of mutation
 u - 3 potions of might
 z - 6 potions of resistance
 A - 2 potions of haste
 D - a potion of flight
 G - 2 potions of berserk rage
 M - 7 potions of magic
 S - 7 potions of invisibility
 X - 6 potions of ambrosia
Miscellaneous
 l - a box of beasts
   (You found it on level 3 of the Elven Halls)
 x - a phantom mirror
   (You found it on level 2 of the Elven Halls)
 H - a lightning rod (4/4)
   (You found it on level 1 of the Lair of Beasts)
 I - a tin of tremorstones (2/2)
   (You found it on level 3 of the Snake Pit)
 T - a condenser vane
   (You found it on level 6 of the Lair of Beasts)


   Skills:
 + Level 16.2 Fighting
 + Level 16.2 Short Blades
 + Level 15.6 Long Blades
 + Level 15.6 Axes
 + Level 15.6 Maces & Flails
 + Level 15.6 Polearms
 + Level 15.6 Staves
 + Level 15.6 Slings
 + Level 15.6 Bows
 + Level 15.6 Crossbows
 + Level 16.2 Throwing
 + Level 15.6 Armour
 + Level 15.9 Dodging
 + Level 17.3 Stealth
 + Level 15.6 Shields
 + Level 15.6 Unarmed Combat
 + Level 15.6 Spellcasting
 + Level 13.3 Conjurations
 + Level 13.3 Hexes
 + Level 13.3 Summonings
 + Level 13.3 Necromancy
 + Level 13.3 Translocations
 + Level 13.3 Transmutations
 + Level 13.3 Fire Magic
 + Level 13.3 Ice Magic
 + Level 13.3 Air Magic
 + Level 13.3 Earth Magic
 + Level 13.3 Poison Magic
 + Level 17.0 Invocations
 + Level 15.6 Evocations


You had 14 spell levels left.
You knew the following spells:

 Your Spells              Type           Power      Damage    Failure   Level
a - Call Canine Familiar  Summ           62%        N/A       1%          3
b - Blink                 Tloc           100%       N/A       1%          2
c - Frozen Ramparts       Ice            100%       1d12      1%          3
l - Summon Lightning Spi  Summ/Air       62%        N/A       1%          4
r - Lee's Rapid Deconstr  Erth           31%        3d17*     1%          5
s - Summon Mana Viper     Hex/Summ       62%        N/A       1%          5
t - Stone Arrow           Conj/Erth      100%       3d13      1%          3
w - Passwall              Tmut/Erth      51%        N/A       1%          2
x - Airstrike             Air            31%        N/A       1%          4
y - Sticky Flame          Conj/Fire      62%        2d8       1%          4
F - Summon Forest         Summ/Tloc      31%        N/A       1%          5

Your spell library contained the following spells:

 Spells                   Type           Power      Damage    Failure   Level
 Foxfire                  Conj/Fire      100%       2x1d9     1%          1
 Magic Dart               Conj           100%       1d8       1%          1
 Summon Small Mammal      Summ           100%       N/A       1%          1
 Call Imp                 Summ           62%        N/A       1%          2
 Ensorcelled Hibernation  Hex/Ice        100%       N/A       1%          2
 Searing Ray              Conj           100%       2d8       1%          2
 Conjure Flame            Conj/Fire      62%        6-21      1%          3
 Dazzling Flash           Conj/Hex       100%       N/A       1%          3
 Gell's Gravitas          Tloc           62%        N/A       1%          3
 Ignite Poison            Fire/Tmut/Pois 62%        N/A       1%          3
 Inner Flame              Hex/Fire       62%        N/A       1%          3
 Lesser Beckoning         Tloc           62%        N/A       1%          3
 Mephitic Cloud           Conj/Pois/Air  62%        N/A       1%          3
 Ozocubu's Armour         Ice            62%        N/A       1%          3
 Portal Projectile        Hex/Tloc       100%       N/A       1%          3
 Summon Guardian Golem    Hex/Summ       62%        N/A       1%          3
 Swiftness                Air            62%        N/A       1%          3
 Teleport Other           Tloc           62%        N/A       1%          3
 Anguish                  Hex/Necr       31%        N/A       1%          4
 Animate Armour           Summ/Erth      100%       N/A       1%          4
 Flame Wave               Conj/Fire      62%        2d12      1%          4
 Fulminant Prism          Conj/Hex       31%        3d16      1%          4
 Ice Form                 Ice/Tmut       62%        N/A       1%          4
 Iskenderun's Mystic Bla  Conj/Tloc      62%        2d13      1%          4
 Leda's Liquefaction      Hex/Erth       31%        N/A       1%          4
 Passage of Golubria      Tloc           62%        N/A       1%          4
 Summon Ice Beast         Ice/Summ       62%        N/A       1%          4
 Agony                    Necr           62%        N/A       1%          5
 Fireball                 Conj/Fire      31%        3d13      1%          5
 Iskenderun's Battlesphe  Conj           62%        2d11      1%          5
 Lightning Bolt           Conj/Air       31%        1d48      1%          5
 Manifold Assault         Tloc           62%        N/A       1%          5
 Silence                  Hex/Air        31%        N/A       1%          5
 Conjure Ball Lightning   Conj/Air       31%        3x3d10    5%          6
 Statue Form              Tmut/Erth      41%        N/A       5%          6
 Summon Cactus Giant      Summ           31%        N/A       5%          6
 Enfeeble                 Hex            31%        N/A       30%         7
 Orb of Destruction       Conj           31%        9d10      30%         7
 Ozocubu's Refrigeration  Ice            31%        4d11      30%         7
 Lehudib's Crystal Spear  Conj/Erth      31%        10d8      94%         8


Dungeon Overview and Level Annotations

Branches:
Dungeon (15/15)            Temple (1/1) D:6            Lair (6/6) D:10
  Swamp (4/4) Lair:2        Snake (4/4) Lair:3        Slime (2/5) Lair:5
    Orc (2/2) D:12            Elf (3/3) Orc:2        Vaults (4/5) D:14
  Crypt (0/3) Vaults:2     Depths (4/4) D:15            Zot (0/5) Depths:4
Volcano (visited)

Altars:
Ashenzari
Cheibriados
Dithmenos
Elyvilon
Fedhas
Gozag
Hepliaklqana
Kikubaaqudgha
Makhleb
Nemelex Xobeh
Okawaru
Qazlal
Ru
Sif Muna
Trog
Uskayaw
Vehumet
Wu Jian
Xom
Yredelemnul
Zin
The Shining One
Jiyva

Shops:
D:1 (   D:6 (?   D:14 ***![   Orc:2 [[(:   Elf:2 *(   Snake:1 :==   Depths:1 (
Depths:2 (

Portals:
Hell: Depths:1 Depths:2 Depths:3 Depths:4
Abyss: Depths:2 Depths:3 Depths:4
Pandemonium: Depths:2
Ziggurat: Depths:3
Trove: D:13 (give +6 demon whip)

Annotations:
D:11 exclusion: 2 doors
D:14 exclusions: downstairs and guardian serpent
Swamp:2 2 transporters, Concombre's ghost, journeyman MiFi
Swamp:4 Bai Suzhen
Elf:2 3 runed translucent doors
Elf:3 2 transporters, Cushusko's ghost, journeyman SpEn
Vaults:4 3 runed translucent doors, Mennas
Depths:2 3 runed translucent doors


Innate Abilities, Weirdness & Mutations

You have very sharp teeth.
Your uncanny sense of smell can sniff out nearby items.
Your experience applies equally to all skills.


Message History

The acid blob spits acid at you. The splash of acid hits you. You resist.
The quicksilver ooze barely misses you.
You block the quicksilver ooze's attack.
You puncture the acid blob!
Lightning courses through the acid blob!
Your hands burn!
The acid blob is moderately wounded.
You block the quicksilver ooze's attack. x2
The acid blob hits you!
You are splashed with acid.
You resist.
Unknown command.
Unknown command.
You hit the acid blob.
Your hands burn!
You bite the acid blob, but do no damage.
The acid blob is moderately wounded.
The quicksilver ooze completely misses you.
You block the quicksilver ooze's attack.
You hit the acid blob. The acid corrodes you!
Your hands burn!
The acid blob is heavily wounded.
The acid blob barely misses you.
You block the quicksilver ooze's attack.
The quicksilver ooze hits you!
You feel your power leaking away.
You hit the acid blob.
Your hands burn!
You bite the acid blob, but do no damage.
The acid blob is heavily wounded.
The acid blob spits acid at you. The splash of acid hits you! You resist.
The quicksilver ooze barely misses you.
You block the quicksilver ooze's attack.
Unknown command.
Casting: Sticky Flame (safe; 1% risk of failure)
Confirm with . or Enter, or press ? or * to list all spells.
Aiming: Sticky Flame (safe; 1% risk of failure)
Press: ? - help, Shift-Dir - straight line, f - acid blob
Aim: an acid blob (heavily wounded, 100% to hit)
The sticky flame hits the acid blob!
The acid blob is heavily wounded.
The acid blob is covered in liquid flames!
The acid blob burns!
The quicksilver ooze misses you.
You block the quicksilver ooze's attack.
The acid blob hits you! The acid corrodes you!
You are splashed with acid.
You resist. The quicksilver ooze hits you. The quicksilver ooze engulfs you!
The quicksilver ooze barely misses you.
Unknown command.
You puncture the acid blob!
Your hands burn!
You bite the acid blob, but do no damage.
The acid blob is severely wounded.
Your lungs strain for air!
The acid blob burns!
You block the acid blob's attack.
You block the quicksilver ooze's attack. x2
Unknown command.
Unknown command.
You hit the acid blob but do no damage.
Your hands burn!
The acid blob is severely wounded.
Your lungs strain for air!
The acid blob spits acid at you. The splash of acid misses you.
You block the quicksilver ooze's attack. x2
Unknown command.
Unknown command.
You hit the acid blob.
Your hands burn!
The acid blob is almost dead.
Your lungs strain for air!
The acid blob burns!
The quicksilver ooze barely misses you.
You block the quicksilver ooze's attack.
The acid blob spits acid at you. The splash of acid hits you! You resist.
The acid corrodes you!
Unknown command.
You hit the acid blob but do no damage. The acid corrodes you!
Your hands burn!
The acid blob is almost dead.
Your lungs strain for air!
The acid blob burns!
The quicksilver ooze misses you. The quicksilver ooze barely misses you.
You block the acid blob's attack.
Unknown command.
Unknown command.
You hit the acid blob but do no damage.
Lightning courses through the acid blob!
Your hands burn!
You bite the acid blob, but do no damage.
The acid blob is almost dead.
* * * LOW HITPOINT WARNING * * *
Your lungs strain for air!
You block the quicksilver ooze's attack. x2
Unknown command.
The tremorstone explodes into fragments!
The burst of rock shards engulfs the quicksilver ooze!
The burst of rock shards engulfs you!!
* * * LOW HITPOINT WARNING * * *
The burst of rock shards engulfs the acid blob!!
You kill the acid blob!
The burst of rock shards engulfs the quicksilver ooze!
The burst of rock shards engulfs you!!
* * * LOW HITPOINT WARNING * * *
The burst of rock shards engulfs the quicksilver ooze! x2
You kill the quicksilver ooze!
You gasp with relief as air once again reaches your lungs.
The burst of rock shards engulfs you!!
You die...
Your body crumbles into a pile of gold.

#...........
.............#.
##....#.........
#...............
#...............
#...............
#...............
#...............
##......@$......
##....<$........
#...............
##.......#.#....
#...........#...
#....#.#.#.## #.
##...#.#####
##.#... ##.....


There were no monsters in sight!

Vanquished Creatures
  Xtahua (Vaults:2)
  A caustic shrike (Depths:3)
  A golden dragon (Depths:4)
  Jory (Vaults:3)
  Zenata (Vaults:1)
  Asterion (Elf:1)
  2 liches (Depths:3)
  2 quicksilver dragons (Snake:4)
  A titan (Depths:3)
  2 acid blobs
  A deep elf master archer (Elf:3)
  A tentacled starspawn (Abyss:3)
  A sphinx (Depths:2)
  Kirke (Snake:4)
  7 nagarajas
  Roxanne (D:15)
  2 tengu reavers
  Donald (Swamp:3)
  An azure jelly (Slime:1)
  A draconian knight (Depths:4)
  5 frost giants
  11 vault wardens
  Aizul (Snake:4)
  An iron dragon (Depths:1)
  7 fire giants
  3 orc warlords
  9 deep elf sorcerers
  A balrug (Depths:2)
  2 ghouls (Swamp:3)
  A reaper (Depths:2)
  11 ironbound preservers
  9 stone giants
  3 deep elf elementalists (Elf:3)
  A war gargoyle (Vaults:1)
  2 quicksilver oozes (Slime:1)
  31 very ugly things
  A spriggan defender (Depths:2)
  6 ironbound thunderhulks
  A starcursed mass (Abyss:3)
  A black draconian (Depths:4)
  5 deep elf demonologists
  Azrael (D:13)
  4 bunyips
  An eleionoma (Swamp:3)
  A white draconian (Depths:4)
  10 dire elephants
  2 red draconians
  7 deep elf annihilators (Elf:3)
  10 spark wasps
  9 ettins
  5 deep elf death magi (Elf:3)
  9 fire dragons
  9 yaktaur captains
  6 deep elf high priests (Elf:3)
  13 hydras
  Erolcha (Orc:2)
  4 vault guards
  A salamander tyrant (Snake:4)
  7 great orbs of eyes
  3 rakshasas
  3 boulder beetles
  5 spriggan air magi
  A ghost crab (Swamp:3)
  2 peacekeepers
  12 ice dragons
  10 anacondas
  7 centaur warriors
  A death knight (D:15)
  Erica (D:8)
  5 ogre magi
  4 ironbound frosthearts
  A catoblepas (Lair:6)
  22 two-headed ogres
  14 alligators
  11 hell hogs (Depths:1)
  2 death yaks (Lair:5)
  10 naga warriors
  3 tengu warriors
  4 spriggan berserkers
  2 deep troll earth magi (Depths:3)
  6 spriggans
  12 naga sharpshooters
  8 shock serpents
  A hell knight (Depths:3)
  Sonja (Lair:4)
  9 deep elf knights
  A salamander mystic (Depths:4)
  9 skeletal warriors
  5 goliath frogs
  A glowing orange brain (D:15)
  An iron troll (Depths:3)
  28 deep trolls
  Lodul (D:13)
  2 flayed ghosts
  4 swamp dragons
  4 naga ritualists
  13 harpies
  9 lindwurms
  13 deep elf archers
  13 ironbound convokers
  8 wizards
  26 deep elf zephyrmancers
  2 orc knights
  6 bog bodies
  A necromancer (Depths:1)
  A fire giant zombie (Depths:1)
  6 mana vipers
  32 deep elf pyromancers
  5 cyclopes
  56 ugly things
  A will-o-the-wisp (Swamp:3)
  2 manticores (D:14)
  12 salamanders
  2 orc sorcerers
  4 elephants (Lair:5)
  A fire giant skeleton (Depths:1)
  2 molten gargoyles (Lair:6)
  Joseph (D:10)
  11 naga magi
  20 vault sentinels
  5 guardian serpents
  2 smoke demons (Abyss:3)
  33 black mambas
  8 cane toads
  2 torpor snails
  A freezing wraith (D:15)
  3 unseen horrors
  Psyche (D:9)
  16 komodo dragons
  An efreet (D:15)
  26 yaktaurs
  Maggie (D:8)
  A komodo dragon (shapeshifter) (D:14)
  A nameless horror (Snake:4)
  2 rime drakes
  A tormentor (Abyss:2)
  A spriggan skeleton (Depths:1)
  3 meliai (Lair:5)
  A queen bee (Lair:5)
  5 trolls
  7 tyrant leeches
  2 polar bears
  A raiju (Abyss:3)
  8 hornets
  14 blink frogs
  25 slime creatures
  9 large abominations
  A spriggan zombie (Depths:1)
  9 water elementals
  6 wraiths
  2 air elementals
  3 shadows
  6 wyverns
  55 yaks
  A yak (shapeshifter) (D:15)
  2 vampires (D:12)
  10 fire elementals
  3 hogs (Snake:4)
  16 humans (D:14)
  5 steam dragons
  12 basilisks
  2 fire bats (Depths:1)
  2 golden eyes (Slime:2)
  A chaos spawn (Depths:2)
  4 wargs
  8 redbacks (Depths:3)
  4 vampire mosquitoes
  12 swamp worms
  5 small abominations
  22 nagas
  An acid dragon (D:14)
  9 water moccasins
  9 hell hounds
  Duvessa (D:7)
  A human skeleton (Depths:1)
  A floating eye (shapeshifter) (D:15)
  38 ogres
  4 black bears
  An ice beast (D:6)
  22 orc warriors
  A boggart (Elf:1)
  6 centaurs
  6 wolves
  A phantom (D:3)
  A kobold brigand (D:9)
  2 gnoll sergeants
  20 bullfrogs
  2 earth elementals
  3 scorpions
  3 wights
  Dowan (D:7)
  46 killer bees
  4 electric eels
  5 howler monkeys
  5 lava snakes (Lair:6)
  2 jellies
  3 gnoll shamans
  3 hounds
  10 orc priests
  Crazy Yiuf (D:7)
  6 iguanas
  18 orc wizards
  27 gnolls
  10 adders
  4 shadow imps
  2 white imps
  2 ufetubi
  2 worms (D:3)
  3 dart slugs
  66 orcs
  4 ball pythons
  4 bats
  12 endoplasms
  3 giant cockroaches
  9 goblins
  2 hobgoblins
  3 jackals (D:3)
  12 kobolds
  3 quokkas
  6 frilled lizards
  7 rats
1493 creatures vanquished.

Vanquished Creatures (collateral kills)
  A hellephant (Depths:1)
  Gastronok (Orc:2)
  2 vault wardens (Vaults:3)
  Louise (Snake:4)
  3 ironbound preservers
  An ironbound thunderhulk (Vaults:3)
  An eleionoma (Swamp:3)
  A bunyip (Swamp:3)
  4 dire elephants
  A vault guard (Vaults:3)
  A spriggan (Swamp:3)
  A swamp dragon (Swamp:3)
  4 deep trolls
  An ironbound convoker (Vaults:3)
  An ugly thing (Depths:2)
  A hornet (Swamp:3)
25 creatures vanquished.

Vanquished Creatures (others)
  15 dancing weapons
  A guardian serpent (Snake:1)
  A foxfire (Swamp:3)
  36 fungi
  54 plants
  3 snaplasher vines (Swamp:3)
  3 starspawn tentacles (Abyss:3)
  A withered plant (Depths:1)
114 creatures vanquished.

Grand Total: 1632 creatures vanquished

Notes
Turn   | Place    | Note
-------+----------+-------------------------------------------
     0 | D:1      | magipi the Gnoll Brigand began the quest for the Orb.
     0 | D:1      | Reached XP level 1. HP: 20/20 MP: 1/1
    20 | D:1      | Found Emimablae's Weapon Boutique.
   101 | D:1      | Reached XP level 2. HP: 20/26 MP: 2/2
   501 | D:1      | Reached XP level 3. HP: 31/31 MP: 3/3
   705 | D:2      | Reached skill level 1 in Invocations
   766 | D:2      | Reached skill level 1 in Long Blades
   766 | D:2      | Reached skill level 1 in Axes
   766 | D:2      | Reached skill level 1 in Maces & Flails
   766 | D:2      | Reached skill level 1 in Polearms
   766 | D:2      | Reached skill level 1 in Staves
   766 | D:2      | Reached skill level 1 in Slings
   766 | D:2      | Reached skill level 1 in Bows
   766 | D:2      | Reached skill level 1 in Crossbows
   766 | D:2      | Reached skill level 1 in Armour
   766 | D:2      | Reached skill level 1 in Shields
   766 | D:2      | Reached skill level 1 in Unarmed Combat
   766 | D:2      | Reached skill level 1 in Spellcasting
   766 | D:2      | Reached skill level 1 in Evocations
   956 | D:2      | Found a faded altar of an unknown god.
   994 | D:2      | Reached XP level 4. HP: 36/38 MP: 5/5
  1319 | D:3      | Reached skill level 1 in Conjurations
  1319 | D:3      | Reached skill level 1 in Hexes
  1319 | D:3      | Reached skill level 1 in Summonings
  1319 | D:3      | Reached skill level 1 in Necromancy
  1319 | D:3      | Reached skill level 1 in Translocations
  1319 | D:3      | Reached skill level 1 in Transmutations
  1319 | D:3      | Reached skill level 1 in Fire Magic
  1319 | D:3      | Reached skill level 1 in Ice Magic
  1319 | D:3      | Reached skill level 1 in Air Magic
  1319 | D:3      | Reached skill level 1 in Earth Magic
  1319 | D:3      | Reached skill level 1 in Poison Magic
  1514 | D:3      | Reached XP level 5. HP: 43/43 MP: 6/6
  2017 | D:3      | Noticed a phantom
  2292 | D:4      | Reached XP level 6. HP: 50/50 MP: 8/8
  2632 | D:4      | Reached skill level 5 in Fighting
  2632 | D:4      | Reached skill level 5 in Short Blades
  2632 | D:4      | Reached skill level 5 in Throwing
  2647 | D:4      | Found a shadowy altar of Dithmenos.
  2722 | D:4      | You fall into a shaft and drop 2 floors!
  3015 | D:6      | Reached XP level 7. HP: 56/56 MP: 10/10
  3180 | D:5      | Entered Level 5 of the Dungeon
  4286 | D:5      | Reached XP level 8. HP: 63/63 MP: 12/12
  4308 | D:5      | Identified the +3 spear "Dragonbane" {holy, Int+2}
  4308 | D:5      | Identified the +2 robe of the Iron Devil {Rampage rN+}
  4845 | D:6      | Found Qoiddit's Magic Scroll Shop.
  4848 | D:6      | Bought a scroll of identify for 28 gold pieces
  4848 | D:6      | Bought 2 scrolls of teleportation for 84 gold pieces
  4848 | D:6      | Bought a scroll of magic mapping for 49 gold pieces
  4848 | D:6      | Bought a scroll of identify for 28 gold pieces
  4848 | D:6      | Bought a scroll of identify for 28 gold pieces
  4848 | D:6      | Bought a scroll of identify for 28 gold pieces
  4848 | D:6      | Bought a scroll of identify for 28 gold pieces
  5052 | D:6      | Found a staircase to the Ecumenical Temple.
  5216 | D:6      | Found Unkit's Antique Weapon Shoppe.
  5394 | Temple   | Entered the Ecumenical Temple
  6292 | D:7      | Noticed Duvessa
  6303 | D:7      | Noticed a wraith
  6346 | D:7      | Killed a wraith
  6370 | D:7      | Noticed Dowan
  6408 | D:7      | Reached XP level 9. HP: 69/69 MP: 14/14
  6719 | Temple   | Became a worshipper of Gozag Ym Sagoz the Greedy
  6848 | D:7      | Found a runed translucent door.
  6849 | D:7      | Noticed Crazy Yiuf
  7177 | D:8      | Reached skill level 5 in Dodging
  7322 | D:8      | Noticed Maggie
  7324 | D:8      | Killed Maggie
  7432 | D:8      | Noticed a two-headed ogre
  7483 | D:8      | Reached skill level 5 in Invocations
  7542 | D:8      | Noticed a hornet
  7550 | D:8      | Killed a hornet
  7692 | D:8      | Reached XP level 10. HP: 73/77 MP: 17/17
  7943 | D:8      | Noticed a brown ugly thing
  7984 | D:9      | Noticed Psyche
  7997 | D:9      | Killed Psyche
  7998 | D:9      | Reached skill level 5 in Long Blades
  7998 | D:9      | Reached skill level 5 in Axes
  7998 | D:9      | Reached skill level 5 in Maces & Flails
  7998 | D:9      | Reached skill level 5 in Polearms
  7998 | D:9      | Reached skill level 5 in Staves
  7998 | D:9      | Reached skill level 5 in Slings
  7998 | D:9      | Reached skill level 5 in Bows
  7998 | D:9      | Reached skill level 5 in Crossbows
  7998 | D:9      | Reached skill level 5 in Armour
  7998 | D:9      | Reached skill level 5 in Shields
  7998 | D:9      | Reached skill level 5 in Unarmed Combat
  7998 | D:9      | Reached skill level 5 in Spellcasting
  7998 | D:9      | Reached skill level 5 in Evocations
  8043 | D:9      | Identified the +1 scale mail of Luwkext {Harm Str+3 Int+2}
  8394 | D:9      | Learned a level 2 spell: Blink
  8398 | D:9      | Learned a level 3 spell: Stone Arrow
  8694 | D:6      | Bought a glowing demon whip for 504 gold pieces
  8852 | D:7      | Found a shimmering blue altar of Sif Muna.
  9106 | D:10     | Entered Level 10 of the Dungeon
  9200 | D:6      | Bought a scroll of enchant armour for 105 gold pieces
  9341 | D:10     | Noticed Joseph
  9469 | D:10     | Learned a level 4 spell: Sticky Flame
  9473 | D:10     | Learned a level 3 spell: Conjure Flame
  9492 | D:10     | Noticed a two-headed ogre
  9521 | D:10     | Killed a two-headed ogre
  9522 | D:10     | Reached XP level 11. HP: 17/84 MP: 19/19
  9732 | D:10     | Reached skill level 5 in Conjurations
  9732 | D:10     | Reached skill level 5 in Hexes
  9732 | D:10     | Reached skill level 5 in Summonings
  9732 | D:10     | Reached skill level 5 in Necromancy
  9732 | D:10     | Reached skill level 5 in Translocations
  9732 | D:10     | Reached skill level 5 in Transmutations
  9732 | D:10     | Reached skill level 5 in Fire Magic
  9732 | D:10     | Reached skill level 5 in Ice Magic
  9732 | D:10     | Reached skill level 5 in Air Magic
  9732 | D:10     | Reached skill level 5 in Earth Magic
  9732 | D:10     | Reached skill level 5 in Poison Magic
  9781 | D:10     | Found a staircase to the Lair.
  9972 | D:11     | Noticed a six-headed hydra
  9981 | D:11     | Killed a six-headed hydra
  9982 | D:11     | Reached skill level 10 in Stealth
 10013 | D:11     | Learned a level 3 spell: Call Canine Familiar
 10076 | D:11     | Found a hide-covered altar of Uskayaw.
 10239 | D:11     | Noticed a manticore
 11247 | Lair:1   | Entered Level 1 of the Lair of Beasts
 11833 | Lair:1   | Reached XP level 12. HP: 94/94 MP: 22/22
 11841 | Lair:1   | Identified the +4 dire flail of Ragnarok {spect, Drain rN+
                  | Int+2 Dex+3 Stlth-}
 12340 | Lair:2   | Noticed a five-headed hydra
 12341 | Lair:2   | Killed a five-headed hydra
 12813 | Lair:2   | Found a staircase to the Swamp.
 13659 | Lair:3   | Found a staircase to the Snake Pit.
 14341 | Lair:4   | Noticed Sonja
 14342 | Lair:4   | Killed Sonja
 14935 | Lair:5   | Noticed a five-headed hydra
 14954 | Lair:5   | Reached XP level 13. HP: 101/101 MP: 24/24
 15319 | Lair:5   | Found a staircase to the Slime Pits.
 15320 | Lair:5   | Found a viscous altar of Jiyva.
 16388 | Lair:5   | Identified the +6 plate armour of the Mind {Int+4}
 16626 | Lair:6   | Entered Level 6 of the Lair of Beasts
 18092 | D:12     | Found a staircase to the Orcish Mines.
 18484 | Orc:1    | Entered Level 1 of the Orcish Mines
 18574 | Orc:1    | Found a dark tunnel.
 18604 | Volcano  | Entered a volcano
 18708 | Volcano  | Reached skill level 10 in Fighting
 18708 | Volcano  | Reached skill level 10 in Short Blades
 18708 | Volcano  | Reached skill level 10 in Throwing
 18719 | Volcano  | Reached XP level 14. HP: 107/110 MP: 26/26
 18979 | Orc:1    | Noticed an orc warlord
 19131 | Orc:1    | Killed an orc warlord
 19409 | Orc:2    | Entered Level 2 of the Orcish Mines
 19409 | Orc:2    | Found a staircase to the Elven Halls.
 19424 | Orc:2    | Noticed Erolcha
 19628 | Orc:1    | Noticed an orc warlord
 19752 | Orc:1    | Killed an orc warlord
 19989 | Orc:1    | Noticed Gastronok
 19999 | Orc:2    | Killed Gastronok
 20032 | Orc:1    | Reached skill level 10 in Invocations
 20134 | Orc:2    | Cast into level 2 of the Abyss (Erolcha)
 20135 | Abyss:2  | Found a corrupted altar of Lugonu.
 20214 | Abyss:2  | Noticed a ghoul
 20230 | Abyss:3  | Found a corrupted altar of Lugonu.
 20298 | Abyss:3  | Noticed a starcursed mass
 20440 | Abyss:3  | Noticed a shadow dragon
 20453 | Abyss:3  | Noticed a cyan very ugly thing
 20453 | Abyss:3  | Noticed a cyan very ugly thing
 20473 | Abyss:3  | Noticed a bone dragon
 20474 | Abyss:3  | Noticed an entropy weaver
 20678 | Abyss:3  | Noticed a cyan very ugly thing
 20713 | Orc:2    | Escaped the Abyss
 20813 | Orc:2    | Killed Erolcha
 20899 | Orc:2    | Paralysed by an orc sorcerer for 4 turns
 21138 | Orc:2    | Found Uricuose's Book Shop.
 21138 | Orc:2    | Found Qujiurib's Antique Armour Emporium.
 21142 | Orc:2    | Found Cuah's Antique Weapon Emporium.
 21142 | Orc:2    | Found Nyleilet's Antique Armour Boutique.
 21177 | Orc:2    | Reached skill level 10 in Dodging
 21444 | Orc:2    | Found an iron altar of Okawaru.
 22105 | D:8      | Noticed Erica
 22373 | D:7      | Killed Duvessa
 22382 | D:7      | Killed Dowan
 22497 | D:7      | Killed Crazy Yiuf
 22602 | D:6      | Bought a scroll of immolation for 49 gold pieces
 22602 | D:6      | Bought a scroll of enchant weapon for 105 gold pieces
 22683 | D:8      | Reached XP level 15. HP: 106/117 MP: 28/28
 22684 | D:8      | Killed Erica
 23888 | D:10     | Killed Joseph
 24070 | D:13     | Noticed Azrael
 24129 | D:13     | Killed Azrael
 24603 | D:13     | Found a portal to a secret trove of treasure.
 24682 | D:13     | Noticed Lodul
 24693 | D:13     | Killed Lodul
 24694 | D:13     | Reached skill level 10 in Long Blades
 24694 | D:13     | Reached skill level 10 in Axes
 24694 | D:13     | Reached skill level 10 in Maces & Flails
 24694 | D:13     | Reached skill level 10 in Polearms
 24694 | D:13     | Reached skill level 10 in Staves
 24694 | D:13     | Reached skill level 10 in Slings
 24694 | D:13     | Reached skill level 10 in Bows
 24694 | D:13     | Reached skill level 10 in Crossbows
 24694 | D:13     | Reached skill level 10 in Armour
 24694 | D:13     | Reached skill level 10 in Shields
 24694 | D:13     | Reached skill level 10 in Unarmed Combat
 24694 | D:13     | Reached skill level 10 in Spellcasting
 24694 | D:13     | Reached skill level 10 in Evocations
 24774 | D:14     | Found a gate to the Vaults.
 24850 | D:14     | Learned a level 4 spell: Airstrike
 24855 | D:14     | Learned a level 4 spell: Summon Lightning Spire
 25289 | D:14     | Found the amulet of the Air {Inacc Air Fly rElec RMsl}
 26642 | D:15     | Entered Level 15 of the Dungeon
 26951 | D:15     | Learned a level 3 spell: Frozen Ramparts
 27788 | D:15     | Noticed Roxanne
 28128 | D:15     | Reached XP level 16. HP: 126/126 MP: 30/30
 28763 | Lair:6   | Found a large runed translucent door.
 28994 | Lair:6   | Found a large runed translucent door.
 29778 | Snake:1  | Entered Level 1 of the Snake Pit
 30552 | Elf:1    | Entered Level 1 of the Elven Halls
 31457 | Elf:1    | Noticed Asterion
 32634 | D:15     | Found a staircase to the Depths.
 32765 | D:15     | Learned a level 5 spell: Lee's Rapid Deconstruction
 32772 | D:15     | Killed Roxanne
 34151 | Snake:1  | Reached XP level 17. HP: 114/133 MP: 29/32
 34320 | Snake:1  | Found Xonair's Book Shop.
 34321 | Snake:1  | Found Eloverew's Jewellery Emporium.
 34321 | Snake:1  | Found Quodgh's Jewellery Emporium.
 34332 | Snake:1  | Bought a book of Burglary for 240 gold pieces
 34334 | Snake:1  | Bought a ring of willpower for 375 gold pieces
 34334 | Snake:1  | Bought a ring of protection from cold for 375 gold pieces
 34352 | Snake:1  | Bought a book of the Wilderness for 456 gold pieces
 34355 | Snake:1  | Learned a level 2 spell: Passwall
 34361 | Snake:1  | Learned a level 5 spell: Summon Forest
 37458 | Snake:3  | Upgraded the game from 0.29-a0-542-g075992c915 to
                  | 0.29-a0-551-gffc1d7fb78
 38800 | Snake:4  | Entered Level 4 of the Snake Pit
 38881 | Snake:4  | Noticed Louise
 38909 | Snake:4  | Killed Louise
 38910 | Snake:4  | Reached skill level 10 in Conjurations
 38910 | Snake:4  | Reached skill level 10 in Hexes
 38910 | Snake:4  | Reached skill level 10 in Summonings
 38910 | Snake:4  | Reached skill level 10 in Necromancy
 38910 | Snake:4  | Reached skill level 10 in Translocations
 38910 | Snake:4  | Reached skill level 10 in Transmutations
 38910 | Snake:4  | Reached skill level 10 in Fire Magic
 38910 | Snake:4  | Reached skill level 10 in Ice Magic
 38910 | Snake:4  | Reached skill level 10 in Air Magic
 38910 | Snake:4  | Reached skill level 10 in Earth Magic
 38910 | Snake:4  | Reached skill level 10 in Poison Magic
 39245 | Snake:4  | Noticed Kirke
 39285 | Snake:4  | Killed Kirke
 39364 | Snake:4  | Noticed Aizul
 39371 | Snake:4  | Killed Aizul
 39780 | Snake:4  | Noticed a quicksilver dragon
 39796 | Snake:4  | Killed a quicksilver dragon
 40387 | Snake:4  | Reached XP level 18. HP: 115/142 MP: 30/34
 40809 | Snake:4  | Noticed a quicksilver dragon
 40899 | Snake:4  | Killed a quicksilver dragon
 41580 | Snake:4  | Got a serpentine rune of Zot
 41859 | Swamp:1  | Entered Level 1 of the Swamp
 43171 | Swamp:2  | Found a transporter.
 43316 | Swamp:2  | Found a transporter.
 43318 | Swamp:2  | Noticed Concombre's ghost (journeyman MiFi)
 43960 | Swamp:3  | Noticed Donald
 43986 | Swamp:3  | Killed Donald
 45692 | Swamp:4  | Entered Level 4 of the Swamp
 45692 | Swamp:4  | Noticed Bai Suzhen
 46976 | Elf:1    | Noticed a Brimstone Fiend
 47524 | Elf:2    | Found Zomneumio's Assorted Antiques.
 47539 | Elf:2    | Bought a scroll of teleportation for 66 gold pieces
 47539 | Elf:2    | Bought a wand of iceblast (6) for 88 gold pieces
 47550 | Elf:2    | Paralysed by an air elemental for 1 turns
 47554 | Elf:2    | Paralysed by an air elemental for 1 turns
 47875 | Elf:2    | Found a runed translucent gate.
 47875 | Elf:2    | Found a runed translucent gate.
 47875 | Elf:2    | Found a runed translucent gate.
 47975 | Elf:2    | Reached XP level 19. HP: 150/150 MP: 35/35
 48054 | Elf:2    | Found Caxtytt's Weapon Shoppe.
 48099 | Elf:2    | Identified the +0 scale mail of Epyoto Iduam {rC+ Stlth+}
 49079 | Elf:3    | Entered Level 3 of the Elven Halls
 49292 | Elf:3    | Found a transporter.
 49296 | Elf:3    | Noticed Cushusko's ghost (journeyman SpEn)
 49315 | Elf:3    | Found a transporter.
 50608 | Elf:3    | Reached skill level 15 in Stealth
 50716 | Elf:3    | Cast into level 3 of the Abyss (a deep elf sorcerer)
 51418 | Abyss:3  | Found a corrupted altar of Lugonu.
 51436 | Abyss:3  | Reached XP level 20. HP: 131/157 MP: 35/37
 51436 | Abyss:3  | Reached XP level 21. HP: 136/163 MP: 35/38
 51436 | Abyss:3  | Got an abyssal rune of Zot
 51466 | Abyss:3  | Noticed a bone dragon
 51539 | Elf:3    | Escaped the Abyss
 52141 | Elf:3    | Found a transporter.
 52144 | Elf:3    | Found a transporter.
 52511 | Elf:3    | Found a transporter.
 52514 | Elf:3    | Found a transporter.
 52799 | Elf:3    | Identified the +5 falchion of Ignis's Condemnation {elec,
                  | Int+3}
 53838 | Elf:3    | Found a transporter.
 53841 | Elf:3    | Found a transporter.
 54127 | Elf:3    | Identified the +11 mace of Kelomit {speed, rElec Dex-2
                  | Stlth+}
 54480 | Elf:3    | Found a transporter.
 54489 | Elf:3    | Found a transporter.
 54982 | Elf:3    | Identified the +10 spear "Fippot" {vorpal, Int+2 SInv
                  | Stlth+}
 54985 | Elf:3    | Identified the +1 great sword "Ogreslayer" {vorpal, Dex+3}
 54988 | Elf:3    | Identified the +7 short sword "Roziac Namn" {vorpal, *Rage
                  | rF- Int+9 Dex+6}
 55395 | Elf:3    | Identified the ring "Nilumeff" {Fire Will+ Str+3 Dex+3}
 55645 | Elf:3    | Found a transporter.
 55654 | Elf:3    | Found a transporter.
 56175 | Elf:3    | Found a transporter.
 56178 | Elf:3    | Found a transporter.
 57342 | Elf:3    | Found a transporter.
 57351 | Elf:3    | Found a transporter.
 57893 | Elf:1    | Killed Asterion
 59529 | Vaults:1 | Entered Level 1 of the Vaults
 59601 | Vaults:1 | Noticed Zenata
 59622 | Vaults:1 | Killed Zenata
 60962 | Vaults:1 | Reached XP level 22. HP: 90/173 MP: 23/39
 61248 | Vaults:1 | You are sucked into a shaft and drop 1 floor!
 61248 | Vaults:2 | Noticed Xtahua
 61251 | Vaults:2 | Killed Xtahua
 61459 | Vaults:1 | Reached skill level 15 in Invocations
 63228 | Vaults:2 | Identified a scroll of acquirement
 63243 | Vaults:2 | Acquired 1248 gold pieces
 63299 | Vaults:2 | Identified the +1 robe "Vatian" {*Corrode rPois Will++
                  | Str+2}
 63308 | Vaults:2 | Found a staircase to the Crypt.
 63308 | Vaults:2 | Found an ancient bone altar of Kikubaaqudgha.
 63309 | Vaults:2 | Found a basalt altar of Yredelemnul.
 64729 | D:14     | Bought a scroll of teleportation for 51 gold pieces
 64729 | D:14     | Bought a potion of invisibility for 136 gold pieces
 64734 | D:14     | Bought a scroll of enchant weapon for 172 gold pieces
 64734 | D:14     | Bought a throwing net for 69 gold pieces
 64738 | D:14     | Bought a shimmering helmet for 437 gold pieces
 64738 | D:14     | Identified the +2 helmet of the Desert {+Inv Will+ Slay-3}
                  | (You bought it in a shop on level 14 of the Dungeon)
 64746 | D:14     | Bought the -2 hat of the Alchemist {rElec rPois rF+ rC+ rN+
                  | Will+ rMut rCorr} for 2171 gold pieces
 64746 | D:14     | Found the -2 hat of the Alchemist {rElec rPois rF+ rC+ rN+
                  | Will+ rMut rCorr}
 65168 | Vaults:3 | Noticed Jory
 66668 | Vaults:3 | Killed Jory
 66669 | Vaults:3 | Reached skill level 15 in Fighting
 66669 | Vaults:3 | Reached skill level 15 in Short Blades
 66669 | Vaults:3 | Reached skill level 15 in Throwing
 68788 | Vaults:4 | Noticed Mennas
 69135 | Orc:1    | Upgraded the game from 0.29-a0-551-gffc1d7fb78 to
                  | 0.29-a0-553-g81b289dbe5
 69333 | Depths:1 | Entered Level 1 of the Depths
 69398 | Depths:1 | Reached XP level 23. HP: 119/181 MP: 29/41
 69737 | Depths:1 | Found Nokifyt's Antique Weapon Shop.
 70039 | Depths:1 | Found an ancient bone altar of Kikubaaqudgha.
 70509 | Depths:1 | Found a gateway to Hell.
 70553 | Depths:1 | Reached skill level 15 in Dodging
 72403 | Depths:2 | Found a runed translucent gate.
 72403 | Depths:2 | Found a runed translucent gate.
 72403 | Depths:2 | Found a runed translucent gate.
 72508 | Depths:2 | Found Buyt's Weapon Shop.
 72533 | Depths:2 | Found a one-way gate to the infinite horrors of the Abyss.
 73104 | Depths:2 | Reached skill level 15 in Long Blades
 73104 | Depths:2 | Reached skill level 15 in Axes
 73104 | Depths:2 | Reached skill level 15 in Maces & Flails
 73104 | Depths:2 | Reached skill level 15 in Polearms
 73104 | Depths:2 | Reached skill level 15 in Staves
 73104 | Depths:2 | Reached skill level 15 in Slings
 73104 | Depths:2 | Reached skill level 15 in Bows
 73104 | Depths:2 | Reached skill level 15 in Crossbows
 73104 | Depths:2 | Reached skill level 15 in Armour
 73104 | Depths:2 | Reached skill level 15 in Shields
 73104 | Depths:2 | Reached skill level 15 in Unarmed Combat
 73104 | Depths:2 | Reached skill level 15 in Spellcasting
 73104 | Depths:2 | Reached skill level 15 in Evocations
 73605 | Depths:2 | Found a one-way gate leading to the halls of Pandemonium.
 74013 | Depths:2 | Learned a level 5 spell: Summon Mana Viper
 74013 | Depths:2 | Upgraded the game from 0.29-a0-553-g81b289dbe5 to
                  | 0.29-a0-555-g3b24f45cc1
 74276 | Depths:3 | Found a one-way gateway to a ziggurat.
 74864 | Depths:3 | Reached XP level 24. HP: 103/191 MP: 41/42
 75543 | Depths:3 | Noticed a caustic shrike
 75573 | Depths:3 | Killed a caustic shrike
 75803 | Depths:3 | Found a shadowy altar of Dithmenos.
 76171 | Depths:4 | Entered Level 4 of the Depths
 76211 | Depths:4 | Acquired 426 gold pieces
 77926 | Depths:4 | Found a gate to the Realm of Zot.
 79888 | Vaults:4 | Found a runed translucent gate.
 79888 | Vaults:4 | Found a runed translucent gate.
 79890 | Vaults:4 | Found a runed translucent gate.
 80679 | D:14     | Bought 2 potions of might for 144 gold pieces
 80679 | D:14     | Bought a potion of cancellation for 144 gold pieces
 80686 | D:14     | Bought a potion of heal wounds for 75 gold pieces
 80686 | D:14     | Bought a potion of heal wounds for 75 gold pieces
 80686 | D:14     | Bought a potion of curing for 45 gold pieces
 80686 | D:14     | Bought a potion of curing for 45 gold pieces
 80686 | D:14     | Bought a potion of curing for 45 gold pieces
 80822 | Elf:2    | Bought a scroll of immolation for 77 gold pieces
 81142 | Slime:1  | Entered Level 1 of the Pits of Slime
 81318 | Slime:1  | Killed themself with a badly aimed burst of rock shards

Illustrated notes

Levels and vault maps discovered:
D:1:      eino_arrival_water_star, layout_loops_ring, serial_shops, shop
D:2:      layout_rooms, basic_ecumenical_altar
D:3:      cheibrodos_old_hovel, layout_basic, chequers_arboretum
D:4:      black_bear_nest_1, layout_loops_ring, mainiacjoe_overflow_catwalk
D:5:      layout_gridville, minmay_joined_circles
D:6:      layout_loops_corners, minmay_temple_entry_tees, serial_shops,
          nicolae_shop_crystal, nicolae_shop_hallway_stairs
D:7:      layout_rooms, kennysheep_little_box, uniq_duvessa,
          uniq_crazy_yiuf_cottage
D:8:      nzn_winding_woodlands_medium [nzn_winding_woodlands_5x5_cross,
          nzn_winding_woodlands_5x15_default, nzn_winding_woodlands_5x5_three,
          nzn_winding_woodlands_5x5_checkerboard,
          nzn_winding_woodlands_center_triple_pond,
          nzn_winding_woodlands_5x5_open_star,
          nzn_winding_woodlands_5x5_perimeter,
          nzn_winding_woodlands_5x15_default,
          nzn_winding_woodlands_5x5_default], layout_basic,
          hangedman_decor_clover_reticule, grunt_decor_cap, uniq_maggie,
          uniq_erica
D:9:      layout_cave_pools, kennysheep_generic_room_10, uniq_psyche
D:10:     layout_basic, grunt_lair_entry_orc_guard_hut, uniq_joseph
D:11:     layout_basic, eat_drink_and_be_merry_uskayaw
D:12:     layout_layer_cave, erik_orc_2
D:13:     layout_basic, enter_trove_1, minmay_misc_feat_iff,
          hangedman_abyss_or_decor_stagger, uniq_lodul, uniq_azrael
D:14:     layout_loops_corners, david_vaults_3, minmay_misc_feat_rugged
D:15:     gammafunk_enter_depths_forms, layout_irregular_city, minivault_19,
          uniq_roxanne
Temple:   mainiacjoe_temple_big_plus
Lair:1:   layout_regular_city
Lair:2:   layout_long_grid, minmay_swamp_entry_worms, nicolae_lair_lindhole
Lair:3:   layout_hall_layers, dummy_snake_entry, kennysheep_basilisk_garden,
          infiniplex_staircase_pool_2
Lair:4:   layout_gridlike, st_stairs_6, small_statue_intersection, uniq_sonja
Lair:5:   layout_hall_layers, slime_altar_1, special_room [special_room_bee],
          cheibrodos_lair_caveside_slide
Lair:6:   cheibrodos_lair_end_hotspot, layout_gridlike
Swamp:1:  layout_basic_swamp, evilmike_swamp_ruin_house_2
Swamp:2:  layout_basic_swamp, gammafunk_ghost_arena,
          evilmike_swamp_ruin_rubble_1, swamp_pool2
Swamp:3:  layout_falls_marsh, evilmike_swamp_ruin_house_1, swamp_pool1,
          uniq_donald
Swamp:4:  nzn_swamp_witches_coven, layout_basic_swamp,
          infiniplex_staircase_pool, uniq_bai_suzhen
Snake:1:  layout_layer_cave, nicolae_snake_gridmaze_waves, minmay_shop_grove
Snake:2:  layout_gridlike, nicolae_snake_slithery_corners
Snake:3:  layout_rooms
Snake:4:  hellmonk_snake_rune_quicksilver_temple, layout_chambers,
          statue_in_the_mist_lemuel, uniq_aizul, uniq_louise, uniq_kirke
Slime:1:  layout_caves
Slime:2:  layout_caves
Orc:1:    layout_caves, enter_volcano_2, portal_ice_cave_entry_pillars_2,
          uniq_gastronok
Orc:2:    st_orc_ogre_mass, layout_caves, okawaru_metal_pillars_1_2,
          uniq_erolcha
Elf:1:    minmay_elf_arrival_circle, layout_rooms, hangedman_elf_disciples,
          uniq_asterion
Elf:2:    nicolae_elf_blades_splatter_lattice [nicolae_blade_bullseye],
          layout_geoelf_grid, serial_shops, shop,
          nicolae_shop_bloodbath_and_beyond, uniq_nikola
Elf:3:    minmay_elf_hall_x, layout_geoelf_castle, gammafunk_ghost_arena,
          minivault_23, solitary_fountain, minmay_checkered_concentric_circles
Vaults:1: ontoclasm_vaults_tryst, nicolae_vaults_little_squares_1,
          vaults_standard_mumra_lines, v_misc_8, nicolae_vaults_circle_grid_b,
          hangedman_vaults_locks, nicolae_vaults_little_squares_6,
          vaults_mumra_lcd, vaults_room_fancy_cross,
          hangedman_vaults_restitches, nicolae_vaults_border_crossing,
          vaults_mumra_hex, layout_vaults_quadrants, uniq_zenata
Vaults:2: grunt_vaults_trifunnel, st_spiral_rooms,
          minmay_crypt_entry_necro_gods, nicolae_vaults_back_hallway,
          layout_vaults_maze_bifur, uniq_xtahua
Vaults:3: hangedman_vaults_corner_blocks, v_misc_15, v_misc_31, st_cells,
          v_misc_26, hangedman_vaults_pinch, v_alt_pattern_6,
          ontoclasm_vaults_decontamination, nicolae_vaults_asterisk,
          vaults_mumra_minichess_inversion, hangedman_vaults_nails,
          layout_vaults_omnicross, uniq_jory
Vaults:4: ploomutoo_gammafunk_ghost_potion_laboratory,
          ontoclasm_vaults_ring_small, nicolae_vaults_little_ls,
          nicolae_vaults_alarming, v_misc_1, v_misc_15, vaults_standard_mumra_x,
          grunt_vaults_funnel, dpeg_vaults_monster_box,
          layout_vaults_chaotic_city, uniq_mennas, uniq_margery
Depths:1: layout_cave_pools, serial_shops, nicolae_inconvenience_store,
          kiku_gazebo_garden_becter, grunt_hell_horde, lightli_corner_chamber
Depths:2: kennysheep_scales, layout_honeycomb,
          ploomutoo_gammafunk_ghost_potion_laboratory, roderic_roman_lattice,
          pf_dread_powers_of_hell, pan_entry, serial_shops,
          nicolae_shop_behind_doors, minmay_room_of_horrors, grunt_decor_clamped
Depths:3: minmay_bloctagon_deflated, layout_gridlike, enter_ziggurat_e,
          hell_entry, abyss_entry_crystal, nicolae_dithmenos_the_darkroom,
          drop_trap, st_stairs_9, kennysheep_opposing_triangles
Depths:4: evilmike_zot_entry_argh, layout_basic, hell_entry, abyss_entry,
          nicolae_figureground_sparkle

Skill      XL: |  1  2  3  4  5  6  7  8  9 10 11 12 13 14 15 16 17 18 19 20 21 22 23 24 |
---------------+-------------------------------------------------------------------------+-----
Invocations    | 1 2 3 4 5 6 7 8 9 10 11 12 13 14 15 16 17 | 17.0
Long Blades    | 1 2 3 4 5 6 7 8 9 10 11 12 13 14 15 | 15.6
Axes           | 1 2 3 4 5 6 7 8 9 10 11 12 13 14 15 | 15.6
Maces & Flails | 1 2 3 4 5 6 7 8 9 10 11 12 13 14 15 | 15.6
Polearms       | 1 2 3 4 5 6 7 8 9 10 11 12 13 14 15 | 15.6
Staves         | 1 2 3 4 5 6 7 8 9 10 11 12 13 14 15 | 15.6
Slings         | 1 2 3 4 5 6 7 8 9 10 11 12 13 14 15 | 15.6
Bows           | 1 2 3 4 5 6 7 8 9 10 11 12 13 14 15 | 15.6
Crossbows      | 1 2 3 4 5 6 7 8 9 10 11 12 13 14 15 | 15.6
Armour         | 1 2 3 4 5 6 7 8 9 10 11 12 13 14 15 | 15.6
Shields        | 1 2 3 4 5 6 7 8 9 10 11 12 13 14 15 | 15.6
Unarmed Combat | 1 2 3 4 5 6 7 8 9 10 11 12 13 14 15 | 15.6
Spellcasting   | 1 2 3 4 5 6 7 8 9 10 11 12 13 14 15 | 15.6
Evocations     | 1 2 3 4 5 6 7 8 9 10 11 12 13 14 15 | 15.6
Conjurations   | 1 2 3 4 5 6 7 8 9 10 11 12 13 | 13.3
Hexes          | 1 2 3 4 5 6 7 8 9 10 11 12 13 | 13.3
Summonings     | 1 2 3 4 5 6 7 8 9 10 11 12 13 | 13.3
Necromancy     | 1 2 3 4 5 6 7 8 9 10 11 12 13 | 13.3
Translocations | 1 2 3 4 5 6 7 8 9 10 11 12 13 | 13.3
Transmutations | 1 2 3 4 5 6 7 8 9 10 11 12 13 | 13.3
Fire Magic     | 1 2 3 4 5 6 7 8 9 10 11 12 13 | 13.3
Ice Magic      | 1 2 3 4 5 6 7 8 9 10 11 12 13 | 13.3
Air Magic      | 1 2 3 4 5 6 7 8 9 10 11 12 13 | 13.3
Earth Magic    | 1 2 3 4 5 6 7 8 9 10 11 12 13 | 13.3
Poison Magic   | 1 2 3 4 5 6 7 8 9 10 11 12 13 | 13.3
Dodging        | 3 4 5 6 7 8 9 10 11 12 13 14 15 | 15.9
Stealth        | 8 9 10 11 12 13 14 15 16 17 | 17.3
Fighting       | 5 6 7 8 9 10 11 12 13 14 15 16 | 16.2
Short Blades   | 5 6 7 8 9 10 11 12 13 14 15 16 | 16.2
Throwing       | 5 6 7 8 9 10 11 12 13 14 15 16 | 16.2

Action                   |  1- 3 |  4- 6 |  7- 9 | 10-12 | 13-15 | 16-18 | 19-21 | 22-24 || total
-------------------------+-------+-------+-------+-------+-------+-------+-------+-------++-------
Melee: Dagger            |    82 |   197 |   413 |   172 |    44 |   110 |    50 |    76 ||  1144
       Bite              |     5 |    26 |    55 |    84 |   166 |   155 |    74 |   323 ||   888
       Punch             |       |     2 |    11 |    35 |    52 |       |       |       ||   100
       Unarmed           |       |    68 |       |       |       |       |       |       ||    68
       Halberd           |       |       |     6 |       |       |       |       |       ||     6
       Demon whip        |       |       |       |   520 |  1311 |  1219 |   354 |       ||  3404
       Demon trident     |       |       |       |       |       |   106 |   189 |  1642 ||  1937
Throw: Dart              |       |    10 |    26 |    17 |    24 |       |       |       ||    77
       Throwing net      |       |     3 |       |       |       |       |       |       ||     3
       Javelin           |       |       |     2 |       |       |       |     4 |       ||     6
       Boomerang         |       |       |       |    11 |    34 |   117 |    36 |    16 ||   214
 Cast: Sticky Flame      |       |       |       |     3 |    18 |    93 |    38 |    42 ||   194
       Airstrike         |       |       |       |       |    10 |     9 |     4 |       ||    23
       Frozen Ramparts   |       |       |       |       |     1 |    92 |    41 |   100 ||   234
       Lee's Rapid Decon |       |       |       |       |       |     7 |       |       ||     7
       Stone Arrow       |       |       |       |       |       |     5 |       |       ||     5
       Passwall          |       |       |       |       |       |    14 |     2 |     7 ||    23
       Summon Forest     |       |       |       |       |       |     9 |     2 |     2 ||    13
       Summon Lightning  |       |       |       |       |       |       |     4 |    18 ||    22
       Conjure Flame     |       |       |       |       |       |       |     1 |       ||     1
Invok: Potion Petition   |       |       |       |     1 |     5 |     2 |       |       ||     8
       Call Merchant     |       |       |       |       |       |       |       |     5 ||     5
Evoke: Wand              |       |       |    11 |    21 |    44 |    15 |     6 |    12 ||   109
       Lightning rod     |       |       |       |     4 |    23 |     2 |       |     2 ||    31
       Condenser vane    |       |       |       |       |       |     3 |     2 |     3 ||     8
       Tin of tremorston |       |       |       |       |       |     3 |     3 |     8 ||    14
       Box of beasts     |       |       |       |       |       |       |     1 |     2 ||     3
  Use: Scroll            |       |       |    10 |    13 |    22 |     6 |    16 |     7 ||    74
       Potion            |       |       |     1 |     6 |    10 |     8 |     5 |       ||    30
 Stab: Sleeping          |    13 |    10 |    10 |    24 |    11 |    55 |    21 |    47 ||   191
       Held in net/web   |       |     3 |       |       |       |       |       |       ||     3
       Distracted        |       |     1 |     2 |     2 |    11 |    15 |     9 |    25 ||    65
       Invisible         |       |       |       |     7 |       |       |       |       ||     7
       Paralysed         |       |       |       |       |       |     4 |       |     2 ||     6
       Fleeing           |       |       |       |       |       |     1 |       |       ||     1
Armor: Robe              |     9 |    20 |       |       |       |       |       |       ||    29
       Ring mail         |       |    36 |    91 |       |       |       |       |       ||   127
       Acid dragon scale |       |       |     9 |   206 |   316 |   303 |   116 |   279 ||  1229
       Skin              |       |       |       |    15 |       |       |       |       ||    15
       Scale mail        |       |       |       |       |    38 |       |       |       ||    38
Dodge: Dodged            |    39 |   138 |   201 |   350 |   616 |   485 |   179 |   579 ||  2587
       Repelled          |       |       |       |       |       |    29 |    12 |     2 ||    43
Block: Buckler           |       |       |       |       |    92 |   189 |       |       ||   281
       Tower shield      |       |       |       |       |       |   504 |   308 |       ||   812
       Kite shield       |       |       |       |       |       |       |   107 |   758 ||   865

Table legend: (Time is in decaauts)
 A = Elapsed time spent in this place.
 B = Non-inter-level travel time spent in this place.
 C = Inter-level travel time spent in this place.
 D = Time resting spent in this place.
 E = Time spent auto-exploring this place.
 F = Levels seen in this place.
 G = Mean time per level.
                   A        B        C        D        E       F      G
               +--------+--------+--------+--------+--------+-----+--------+
         Total |  79108 |  71406 |   7702 |  19450 |  22806 |  49 | 1614.4 |
       Dungeon |  21441 |  17824 |   3617 |   2950 |   6418 |  15 | 1429.4 |
        Temple |    552 |    371 |    181 |      0 |    348 |   1 |  552.0 |
          Lair |   7695 |   6428 |   1267 |    600 |   2741 |   6 | 1282.5 |
         Swamp |   4017 |   3928 |     89 |   1623 |    696 |   4 | 1004.2 |
     Snake Pit |   9239 |   8511 |    728 |   3341 |   1855 |   4 | 2309.8 |
    Slime Pits |    165 |    165 |      0 |     69 |      0 |   2 |   82.5 |
  Orcish Mines |   2999 |   2797 |    202 |    577 |    635 |   2 | 1499.5 |
   Elven Halls |  12206 |  11531 |    675 |   2759 |   5891 |   3 | 4068.7 |
        Vaults |  10673 |  10050 |    623 |   4136 |   2410 |   4 | 2668.2 |
        Depths |   8443 |   8128 |    315 |   3370 |   1811 |   4 | 2110.8 |
         Abyss |   1339 |   1339 |      0 |      0 |      0 |   3 |  446.3 |
       Volcano |    334 |    334 |      0 |     19 |      0 |   1 |  334.0 |
               +--------+--------+--------+--------+--------+-----+--------+

Top non-repeatable levels by time:
   Elf:3: 7758 daAuts
Vaults:1: 3521 daAuts
Vaults:3: 3173 daAuts
Depths:3: 3011 daAuts
 Snake:1: 2776 daAuts
    D:15: 2736 daAuts
 Snake:4: 2689 daAuts
   Elf:1: 2640 daAuts
    D:14: 2475 daAuts
     D:8: 2260 daAuts
Depths:1: 2180 daAuts
    D:12: 2179 daAuts
Vaults:2: 2168 daAuts
Depths:2: 2143 daAuts
 Snake:2: 1916 daAuts
